 Dungeon Sprint DCSS version 0.17-a0-1923-gc35365e (webtiles) character file.

320 Kidiri the Covert (level 6, -11/28 HPs)
             Began as a Spriggan Enchanter on Sept 28, 2015.
             Was an Initiate of Dithmenos.
             Mangled by a spatial vortex (14 damage)
             ... in the Dungeon (Sprint III: "The Ten Rune Challenge").
             The game lasted 00:03:18 (358 turns).

Kidiri the Covert (Spriggan Enchanter)               Turns: 358, Time: 00:03:20

Health: -11/28     AC:  4    Str:  4    XL:     6   Next: 22%
Magic:  14/17      EV: 24    Int: 17    God:    Dithmenos [......]
Gold:   25         SH:  0    Dex: 18    Spells: 5 memorised, 7 levels left

rFire  . . .     SeeInvis +     k - +0 short sword
rCold  . . .     Clarity  .     b - +1 robe
rNeg   . . .     SustAt   .     (shield restricted)
rPois  .         Gourm    .     (helmet restricted)
rElec  .         Spirit   .     m - +0 cloak
rCorr  .         Warding  .     (gloves unavailable)
rMut   .         NoTele   +     (boots unavailable)
MR     +....                    (no amulet)
Stlth  +++++.....               (no ring)
                                (no ring)

@: very quick, somewhat resistant to hostile enchantments, quite stealthy
A: unfitting armour, see invisible, herbivore 3, speed 3, slow metabolism 2
a: Renounce Religion


You were in the Dungeon.
You worshipped Dithmenos.
Dithmenos was noncommittal.
You were not hungry.

You visited 1 branch You collected 25 gold pieces.

Inventory:

Hand weapons
 a - a +1 dagger
 k - a +0 short sword (weapon)
Armour
 b - a +1 robe (worn)
 m - a +0 cloak (worn)
Scrolls
 j - a scroll of blinking
 p - a scroll of holy word {unknown}
 r - 2 scrolls of remove curse
 u - a scroll of immolation {unknown}
 v - a scroll of recharging {unknown}
Potions
 e - a potion of curing
 f - a potion of heal wounds
 g - a potion of haste
 h - 2 potions of magic
 i - a potion of berserk rage
 s - a potion of lignification
 t - a potion of flight
 z - a potion of might {unknown}
Comestibles
 d - a bread ration
 w - 2 royal jellies


   Skills:
 * Level 6.0 Short Blades
 + Level 2.2 Armour
 * Level 8.4 Dodging
 * Level 10.0 Stealth
 * Level 7.1 Spellcasting
 + Level 1.9 Conjurations
 + Level 6.0 Hexes
 + Level 2.4 Ice Magic
 + Level 0.0 Invocations


You had 7 spell levels left.
You knew the following spells:

 Your Spells              Type           Power        Failure   Level  Hunger
a - Corona                Hex            ####...      1%          1    None
b - Ensorcelled Hibernat  Hex/Ice        ###...       2%          2    None
c - Confuse               Hex            ####....     3%          3    ##.....
d - Tukima's Dance        Hex            ####....     3%          3    ##.....
e - Dazzling Spray        Conj/Hex       ###.....     10%         3    ##.....


Dungeon Overview and Level Annotations

Branches:
Dungeon (1/1)

Altars:
Dithmenos
Gozag
Makhleb
Nemelex Xobeh
Qazlal
Ru
Xom
Jiyva
Lugonu


Innate Abilities, Weirdness & Mutations

You are tiny and cannot use many weapons and most armour.
You have supernaturally acute eyesight.
You are a herbivore.
You cover ground extremely quickly.
You need consume almost no food.


Message History

You hit the spatial vortex.
The spatial vortex is moderately damaged.
You are a level 6 Spriggan Enchanter.
You are 22% of the way to level 7.
Play time: 00:03:16 (358 turns) Eat which item? (? for menu, Esc to quit)
Okay, then.
Unknown command.
Casting: Ensorcelled Hibernation
Confirm with . or Enter, or press ? or * to list all spells.
Aiming: Dazzling Spray
Press: ? - help, Shift-Dir - straight line, f - spatial vortex
Aim: a spatial vortex (moderately damaged)
The spray of energy hits the spatial vortex.
The spatial vortex is moderately damaged.
The spatial vortex hits you!!
Ouch! That really hurt!
* * * LOW HITPOINT WARNING * * *
Space warps horribly around you!
Ouch! That really hurt!
You die...

#### ##.# ...#####..#
....#.)#..#
#..%#..#..###+#+###+##
##..##+#..#..........#
##[.###...'.⌠........#
#..####...#...######'#
#..###....#.⌠.#v_#...#
...##.....#...#_@#...#
...#......#+###__#...#
.##.#..÷..# #__#...+
.#####....# #_.'...#
▓▓ ▓▓▓▓▓▓ ▓▓▓▓▓▓▓▓


You could see a spatial vortex.

Vanquished Creatures
  A shadow (D)
  A water elemental (D)
  A jelly (D)
  Crazy Yiuf (D)
  Jessica (D)
  A human (D)
  An ooze (D)
  2 rats (D)
9 creatures vanquished.

Vanquished Creatures (others)
  2 draconian scorchers (D)
  A yaktaur (D)
  2 plants (D)
5 creatures vanquished.

Grand Total: 14 creatures vanquished

Notes
Turn   | Place    | Note
--------------------------------------------------------------
     0 | D        | Kidiri the Spriggan Enchanter began the quest for the Orb.
     0 | D        | Reached XP level 1. HP: 9/9 MP: 5/5
     9 | D        | Reached skill level 5 in Stealth
    31 | D        | Noticed Jessica
    48 | D        | Killed Jessica
    48 | D        | Reached skill level 5 in Dodging
    48 | D        | Reached skill level 6 in Stealth
    48 | D        | Reached XP level 2. HP: 11/13 MP: 6/8
    48 | D        | Reached XP level 3. HP: 13/16 MP: 6/9
    52 | D        | Learned a level 2 spell: Ensorcelled Hibernation
    56 | D        | Learned a level 3 spell: Confuse
    60 | D        | Learned a level 3 spell: Tukima's Dance
   112 | D        | Noticed Crazy Yiuf
   115 | D        | Killed Crazy Yiuf
   115 | D        | Reached skill level 7 in Stealth
   127 | D        | Reached skill level 5 in Spellcasting
   127 | D        | Reached XP level 4. HP: 15/21 MP: 2/12
   132 | D        | Learned a level 3 spell: Dazzling Spray
   170 | D        | Gained mutation: You are dopey. (Int -2) [potion of mutation]
   170 | D        | Gained mutation: Your muscles are strong. (Str +2) [potion of mutation]
   171 | D        | Lost mutation: Your muscles are strong. (Str +2) [potion of mutation]
   171 | D        | Gained mutation: Your system is resistant to poisons. [potion of mutation]
   172 | D        | Lost mutation: You are dopey. (Int -2) [potion of cure mutation]
   172 | D        | Lost mutation: Your system is resistant to poisons. [potion of cure mutation]
   181 | D        | Noticed a water elemental
   185 | D        | Killed a water elemental
   185 | D        | Reached skill level 1 in Armour
   185 | D        | Reached skill level 8 in Stealth
   185 | D        | Reached skill level 5 in Hexes
   185 | D        | Reached skill level 1 in Ice Magic
   185 | D        | Reached XP level 5. HP: 20/24 MP: 5/14
   197 | D        | Killed a white draconian scorcher
   211 | D        | Killed a white draconian scorcher
   229 | D        | Killed a yaktaur
   252 | D        | Noticed a jelly
   253 | D        | Noticed a shadow
   255 | D        | Killed a shadow
   255 | D        | Reached skill level 5 in Short Blades
   255 | D        | Reached skill level 9 in Stealth
   255 | D        | Reached skill level 1 in Conjurations
   255 | D        | Reached XP level 6. HP: 28/28 MP: 15/17
   261 | D        | Killed a jelly
   261 | D        | Reached skill level 10 in Stealth
   349 | D        | Found a stormy altar of Qazlal.
   350 | D        | Found a sacrificial altar of Ru.
   350 | D        | Found a burning altar of Makhleb.
   350 | D        | Found a viscous altar of Jiyva.
   350 | D        | Found a shimmering altar of Xom.
   350 | D        | Found a shadowy altar of Dithmenos.
   350 | D        | Found a sparkling altar of Nemelex Xobeh.
   350 | D        | Found a corrupted altar of Lugonu.
   350 | D        | Found an opulent altar of Gozag.
   350 | D        | Noticed a spatial vortex
   355 | D        | Became a worshipper of Dithmenos the Shadowed
   358 | D        | Mangled by a spatial vortex

Vault maps used:
D:        dungeon_sprint_mu

Action                   |  1- 3 |  4- 6 || total
-------------------------+-------+-------++-------
Melee: Short sword       |    15 |     8 ||    23
       Dagger            |     2 |       ||     2
 Cast: Corona            |     1 |       ||     1
       Ensorcelled Hiber |     2 |     1 ||     3
       Dazzling Spray    |       |     2 ||     2
  Use: Scroll            |       |     4 ||     4
       Potion            |       |     3 ||     3
 Stab: Sleeping          |     5 |     3 ||     8
